 Dungeon Sprint DCSS version 0.31-a0-574-g69dc8cc98e (webtiles) character file.

Game seed: 277784487233311673

9032 Midn8 the Ninja (level 11, -9/72 HPs)
             Began as a Vampire Brigand on Aug 18, 2023.
             Was a High Priest of Dithmenos.
             Mangled by a ghost moth (20 damage)
             ... in the Dungeon (Sprint IV: "Fedhas' Mad Dash").
             The game lasted 00:10:51 (932 turns).

Midn8 the Ninja (Vampire Brigand)                    Turns: 932, Time: 00:10:51

Health: -9/72      AC:  3    Str: 12    XL:     11   Next: 17%
Magic:  14/18      EV: 14    Int: 21    God:    Dithmenos [*****.]
Gold:   268        SH:  5    Dex: 19    Spells: 10/10 levels left

rFire   . . .        k - +4 quick blade (flame)
rCold   + + .        r - +1 buckler "Futweadd" {-Cast Rampage Regen+ Str+2}
rNeg    + + +        b - +0 robe
rPois   ∞            (no helmet)
rElec   .            c - +0 cloak
rCorr   .            (no gloves)
SInv    +            (no boots)
Will    +....        l - amulet of invisibility {+Inv} Stlth **********
                     u - +6 ring of intelligence
HPRegen 0.00/turn    (no ring)
MPRegen 0.16/turn

%: no teleportation, no spellcasting, rampage
@: very slightly contaminated, bloodless, inhibited regen, wreathed by umbra,
invisible
A: bloodless, fangs 3, see invisible, vampiric 2
a: Bat Form, Revivify, Renounce Religion, Evoke Invisibility, Shadow Step,
Shadow Form


You were in the Dungeon.
You worshipped Dithmenos.
Dithmenos was extremely pleased with you.
You visited 1 branch You collected 268 gold pieces.

Inventory:

Hand Weapons
 a - a +2 dagger
 h - a +1 vampiric rapier
 k - a +4 quick blade of flaming (weapon)
 v - the +8 storm bow {elec, penet}
   (You took it off a spriggan rider in the Dungeon)
Missiles
 d - 9 poisoned darts
 e - 3 curare-tipped darts (quivered)
Armour
 b - a +0 robe (worn)
 c - a +0 cloak (worn)
 n - a +0 ring mail of cold resistance
 p - a +0 buckler
 r - the +1 buckler "Futweadd" (worn) {-Cast Rampage Regen+ Str+2}
   (You found it in the Dungeon)

   Str+2:     It affects your strength (+2).
   -Cast:     It prevents spellcasting.
   Regen+:    It increases your rate of health regeneration.
   Rampage:   It bestows one free step when moving towards enemies.
Jewellery
 l - the amulet of invisibility (around neck) {+Inv}
   (You found it in the Dungeon)

   [amulet of nothing]

   +Inv:      It lets you turn invisible.
 s - the amulet of the Air {Inacc Air Fly rElec RMsl}
   (You found it in the Dungeon)

   [amulet of nothing]

   Inacc:     It reduces the accuracy of your attacks and spells.
   Air:       It enhances your air magic.
   rElec:     It insulates you from electricity.
   Fly:       It grants you flight.
   RMsl:      It protects you from missiles.
 u - a +6 ring of intelligence (left hand)
Scrolls
 m - a scroll of enchant weapon {unknown}
 o - a scroll of fog {unknown}
 t - a scroll of enchant armour {unknown}
Potions
 f - a potion of curing
 g - 3 potions of heal wounds
 i - 3 potions of magic
 j - a potion of berserk rage
 q - a potion of enlightenment {unknown}


   Skills:
 - Level 10.0 Fighting
 - Level 12.4 Short Blades
 + Level 3.8 Ranged Weapons
 - Level 6.0 Throwing
 - Level 4.6 Dodging
 O Level 27 Stealth
 - Level 10.0 Invocations


You had 10 spell levels left.
You didn't know any spells.
Your spell library contained the following spells:

 Spells                   Type           Power      Damage    Failure   Level
 Summon Small Mammal      Summ           0%         N/A       26%         1
 Blink                    Tloc           0%         N/A       36%         2
 Lesser Beckoning         Tloc           0%         N/A       36%         2
 Momentum Strike          Conj/Tloc      0%         3d8       36%         2
 Call Canine Familiar     Summ           0%         N/A       61%         3
 Summon Guardian Golem    Hex/Summ       0%         N/A       61%         3


Dungeon Overview and Level Annotations

Branches:
Dungeon (1/1)

Altars:
Cheibriados
Dithmenos
Gozag
Hepliaklqana
Kikubaaqudgha
Makhleb
Nemelex Xobeh
Okawaru
Qazlal
Ru
Sif Muna
Trog
Uskayaw
Vehumet
Wu Jian
Xom
Yredelemnul
Jiyva
Lugonu

Shops:
D (***(***?*[


Innate Abilities, Weirdness & Mutations

You do not regenerate when monsters are visible.
You are frail without blood (-20% HP).
You can heal yourself when you bite living creatures.
You are immune to poison.
You have razor-sharp teeth.
You have supernaturally acute eyesight. (SInv)
You are afflicted with vampirism and can become a bat while bloodless.


Message History

[the floor.]
You fade into invisibility!
You are very lightly contaminated with residual magic.
A hornet, a demonic crawler and a ghost moth come into view.
Aiming: Shadow Step
Press: ? - help, Dir - move target, f - demonic crawler
Aim: a demonic crawler (asleep, umbra)
You step into the demonic crawler's shadow.
The demonic crawler gives a hideous shriek!
The hornet buzzes angrily.
The demonic crawler hits you but does no damage.
The demonic crawler closely misses you. The demonic crawler hits you!!
The demonic crawler barely misses you. The demonic crawler closely misses you.
The demonic crawler hits you!
Found three shops.
Unknown command.
Okay, then.
The hornet buzzes angrily.
You hit the demonic crawler but do no damage.
You hit the demonic crawler. You burn the demonic crawler.
You bite the demonic crawler, but do no damage.
The demonic crawler is lightly wounded.
The demonic crawler hits you. The demonic crawler misses you.
The demonic crawler closely misses you.
You barely miss the demonic crawler.
The ballistomycete spore waves its rhizomes.
You hit the demonic crawler but do no damage.
Your shadow hits the demonic crawler but does no damage.
Your shadow hits the demonic crawler with a quick blade.
Unknown command.
The demonic crawler closely misses you. The demonic crawler hits you.
The demonic crawler hits you!
The ballistomycete spore waves its rhizomes.
The ballistomycete spore explodes!
The explosion of spores engulfs you!
* * * LOW HITPOINT WARNING * * *
The demonic crawler appears confused.
The explosion of spores engulfs the demonic crawler.
The ghost moth hits you!!
You die...

#......♣.....#...#
#†....♣..♣..######
##'####'######..'.
#..#....'.......#♣
#..#.)###.......#.
##################
#.................
#∩................
#@s..y.......)....
#∩y...............
###########+######


You could see a ghost moth (invisible, unable to see you), a demonic crawler
(confused) and a hornet (wandering, unable to see you).

Vanquished Creatures
  Agnes (D)
  A spriggan defender (D)
  A demonic crawler (D)
  A spriggan berserker (D)
  A spriggan druid (D)
  6 oklob plants (D)
  3 wandering mushrooms (D)
  3 burning bushes (D)
  A queen bee (D)
  2 hornets (D)
  3 scorpions (D)
  4 killer bees (D)
  5 oklob saplings (D)
  7 spriggans (D)
  A river rat (D)
  A rat (D)
  A ballistomycete spore (D)
42 creatures vanquished.

Vanquished Creatures (others)
  A ballistomycete spore (D)
1 creature vanquished.

Grand Total: 43 creatures vanquished

Notes
Turn   | Place    | Note
-------+----------+-------------------------------------------
     0 | D        | Midn8 the Vampire Brigand began the quest for the Orb.
     0 | D        | Reached XP level 1. HP: 16/16 MP: 1/1
    12 | D        | Reached skill level 8 in Stealth
    12 | D        | Reached XP level 2. HP: 18/22 MP: 2/2
    24 | D        | Noticed an oklob sapling
    25 | D        | Killed an oklob sapling
    26 | D        | Reached skill level 10 in Stealth
    26 | D        | Gained mutation: You are afflicted with vampirism and can
                  | become a bat while bloodless. [Vampire growth]
    26 | D        | Reached XP level 3. HP: 27/27 MP: 3/3
    33 | D        | Noticed a scorpion
    33 | D        | Found the amulet of invisibility {+Inv}
    35 | D        | Killed a scorpion
    36 | D        | Reached skill level 13 in Stealth
    36 | D        | Reached XP level 4. HP: 26/26 MP: 4/4
    65 | D        | Found an opulent altar of Gozag.
    65 | D        | Found a hazy altar of Hepliaklqana.
    65 | D        | Found a burning altar of Makhleb.
    65 | D        | Found a sparkling altar of Nemelex Xobeh.
    65 | D        | Found a snail-covered altar of Cheibriados.
    65 | D        | Found a sacrificial altar of Ru.
    65 | D        | Found a shimmering blue altar of Sif Muna.
    65 | D        | Found a shimmering altar of Xom.
    65 | D        | Found a basalt altar of Yredelemnul.
    66 | D        | Found a viscous altar of Jiyva.
    66 | D        | Found a bloodstained altar of Trog.
    66 | D        | Found an ornate altar of the Wu Jian Council.
    67 | D        | Found an iron altar of Okawaru.
    67 | D        | Found a shadowy altar of Dithmenos.
    68 | D        | Found an ancient bone altar of Kikubaaqudgha.
    68 | D        | Found a hide-covered altar of Uskayaw.
    69 | D        | Found a stormy altar of Qazlal.
    70 | D        | Found a radiant altar of Vehumet.
    70 | D        | Found a corrupted altar of Lugonu.
    74 | D        | Reached skill level 15 in Stealth
    74 | D        | Reached skill level 5 in Short Blades
    74 | D        | Reached XP level 5. HP: 30/30 MP: 5/5
    76 | D        | Became a worshipper of Dithmenos the Shadowed
   186 | D        | Noticed a queen bee
   191 | D        | Killed a queen bee
   191 | D        | Reached * piety under Dithmenos
   192 | D        | Reached skill level 19 in Stealth
   192 | D        | Reached XP level 6. HP: 35/35 MP: 6/6
   194 | D        | Reached skill level 20 in Stealth
   195 | D        | Reached ** piety under Dithmenos
   196 | D        | Reached XP level 7. HP: 39/39 MP: 7/7
   198 | D        | Noticed an oklob plant
   201 | D        | Killed an oklob plant
   202 | D        | Reached skill level 10 in Short Blades
   202 | D        | Reached skill level 22 in Stealth
   235 | D        | Noticed a burning bush
   238 | D        | Killed a burning bush
   239 | D        | Reached skill level 23 in Stealth
   239 | D        | Reached XP level 8. HP: 44/44 MP: 8/8
   239 | D        | Identified the +6 sling "Oweeqihy" {drain, Int+2}
   282 | D        | Reached *** piety under Dithmenos
   286 | D        | Reached skill level 24 in Stealth
   314 | D        | Found Ydghib Xybb's Antique Weapon Shop.
   314 | D        | Found Oluq's Assorted Antiques.
   318 | D        | Noticed a burning bush
   318 | D        | Noticed a wandering mushroom
   319 | D        | Noticed a wandering mushroom
   321 | D        | Killed a wandering mushroom
   322 | D        | Reached skill level 25 in Stealth
   323 | D        | Killed a burning bush
   323 | D        | Reached **** piety under Dithmenos
   324 | D        | Killed a wandering mushroom
   325 | D        | Reached skill level 26 in Stealth
   325 | D        | Reached XP level 9. HP: 48/48 MP: 9/9
   353 | D        | Found Tigetonu's General Store.
   354 | D        | Found Udwiomal's Magic Scroll Emporium.
   357 | D        | Identified the +1 buckler "Futweadd" {-Cast Rampage Regen+
                  | Str+2}
   415 | D        | Noticed a burning bush
   415 | D        | Noticed an oklob plant
   416 | D        | Noticed a wandering mushroom
   416 | D        | Found the amulet of the Air {Inacc Air Fly rElec RMsl}
   417 | D        | Killed a burning bush
   418 | D        | Reached skill level 27 in Stealth
   420 | D        | Killed an oklob plant
   421 | D        | Reached ***** piety under Dithmenos
   422 | D        | Killed a wandering mushroom
   492 | D        | Noticed a spriggan druid
   493 | D        | Killed a spriggan druid
   533 | D        | Noticed an oklob plant conjurer
   534 | D        | Killed an oklob plant conjurer
   535 | D        | Reached skill level 10 in Fighting
   535 | D        | Reached skill level 1 in Invocations
   599 | D        | Noticed an oklob plant
   599 | D        | Noticed an oklob plant summoner
   600 | D        | Noticed an oklob plant shifter
   604 | D        | Killed an oklob plant
   605 | D        | Reached XP level 10. HP: 68/68 MP: 9/13
   605 | D        | Killed an oklob plant summoner
   606 | D        | Reached skill level 5 in Invocations
   607 | D        | Killed an oklob plant shifter
   612 | D        | Identified the +1 quarterstaff of Vanity {flame, rPois
                  | Dex-4 Stlth+}
   634 | D        | Noticed a demonic crawler
   635 | D        | Killed a demonic crawler
   637 | D        | Noticed a spriggan rider
   638 | D        | Found Ammai's General Store.
   649 | D        | HP: 1/68 [spriggan/+0 rapier (4)]
   664 | D        | HP: 1/68 [spriggan/+0 rapier (3)]
   730 | D        | Killed a spriggan rider
   730 | D        | Reached ****** piety under Dithmenos
   731 | D        | Reached skill level 10 in Invocations
   746 | D        | Found Eja Gacw's Antique Armour Shoppe.
   791 | D        | Noticed Agnes
   793 | D        | Found Adaych's Assorted Antiques.
   793 | D        | Noticed a spriggan berserker
   795 | D        | Found Setagry's Assorted Antiques.
   796 | D        | Killed Agnes
   801 | D        | Killed a spriggan berserker
   802 | D        | Reached XP level 11. HP: 72/72 MP: 18/18
   824 | D        | Noticed a spriggan defender
   828 | D        | Killed a spriggan defender
   864 | D        | Noticed a spriggan rider
   928 | D        | Noticed a demonic crawler
   928 | D        | Noticed a ghost moth
   929 | D        | Found Guhuily's Antique Weapon Shoppe.
   929 | D        | Found Jiazateh's Assorted Antiques.
   929 | D        | Found Tuadiaff's General Store.
   932 | D        | Mangled by a ghost moth

Illustrated notes

Levels and vault maps discovered:
D:        dungeon_sprint_fedhas [sprint_temple]

Skill      XL: |  1  2  3  4  5  6  7  8  9 10 11 |
---------------+----------------------------------+-----
Stealth        | 8 10 13 15 19 20 23 26 27 | 27.0
Short Blades   | 4 5 8 9 10 12 | 12.4
Fighting       | 10 | 10.0
Invocations    | 4 10 | 10.0
Dodging        | 4 |  4.6
Throwing       | 6 |  6.0
Ranged Weapons | 3 |  3.8

Action                     |  1- 3 |  4- 6 |  7- 9 | 10-12 || total
---------------------------+-------+-------+-------+-------++-------
  Melee: Dagger            |     7 |     7 |    19 |    19 ||    52
         Bite              |       |       |       |     5 ||     5
         Quick blade       |       |       |       |    15 ||    15
  Throw: Dart              |     4 |       |       |     3 ||     7
 Invoke: Shadow Step       |       |       |       |     3 ||     3
Ability: Exsanguinate      |     1 |       |       |       ||     1
         Evoke Invisibilit |       |     4 |    10 |     4 ||    18
    Use: Scroll            |       |       |       |     1 ||     1
         Potion            |       |       |       |     1 ||     1
   Stab: Sleeping          |     2 |     7 |    17 |     8 ||    34
         Invisible         |       |       |     1 |     1 ||     2
         Distracted        |       |       |       |     1 ||     1
 Armour: Robe              |       |       |       |     1 ||     1
  Dodge: Dodged            |     2 |       |       |    13 ||    15
  Block: Buckler           |       |       |       |     1 ||     1

Table legend: (Time is in decaauts)
 A = Elapsed time spent in this place.
 B = Non-inter-level travel time spent in this place.
 C = Inter-level travel time spent in this place.
 D = Time resting spent in this place.
 E = Time spent auto-exploring this place.
 F = Levels seen in this place.
 G = Mean time per level.
                   A        B        C        D        E       F      G
               +--------+--------+--------+--------+--------+-----+--------+
         Total |    893 |    893 |      0 |    307 |      0 |   1 |  893.0 |
       Dungeon |    893 |    893 |      0 |    307 |      0 |   1 |  893.0 |
               +--------+--------+--------+--------+--------+-----+--------+

Top non-repeatable levels by time:
       D: 893 daAuts
